 Dungeon Crawl Stone Soup version 0.20.1-1-g8b1a95d (webtiles) character file.

111 dohliylev the Covert (level 4, -1/30 HPs)
             Began as a Vampire Enchanter on Dec 27, 2017.
             Slain by bmj180's ghost (11 damage)
             ... on level 3 of the Dungeon.
             The game lasted 00:09:45 (2089 turns).

dohliylev the Covert (Vampire Enchanter)            Turns: 2089, Time: 00:09:46

Health: -1/30      AC:  3    Str:  7    XL:     4   Next: 62%
Magic:  2/7        EV: 12    Int: 18    God:
Gold:   154        SH:  3    Dex: 14    Spells: 1/7 levels left

rFire    . . .     SeeInvis +   a - +1 dagger
rCold    . . .     Gourm    .   o - +0 buckler
rNeg     . . .     Faith    +   b - +0 robe
rPois    .         Spirit   .   (no helmet)
rElec    .         Reflect  .   (no cloak)
rCorr    .         Harm     .   (no gloves)
MR       .....                  c - +0 pair of boots
Stlth    ++++......             h - amulet of faith
Regen    0.3/turn               (no ring)
MPRegen  0.1/turn               (no ring)

@: regenerating quickly
A: fangs 3, see invisible, unbreathing
a: no special abilities


You were on level 3 of the Dungeon.
You were full.

You visited 1 branch of the dungeon, and saw 3 of its levels.

You collected 154 gold pieces.

Inventory:

Hand Weapons
 a - a +1 dagger (weapon)
Armour
 b - a +0 robe (worn)
 c - a +0 pair of boots (worn)
 o - a +0 buckler (worn)
Jewellery
 h - an amulet of faith (around neck)
Scrolls
 i - a scroll of teleportation {unknown}
 l - a scroll of noise {unknown}
 m - a scroll of identify {unknown}
 n - a scroll of fog {unknown}
Potions
 d - 4 potions of blood
 e - a potion of flight {unknown}
 f - a potion of agility {unknown}
 g - 5 potions of heal wounds {unknown}
 j - a potion of haste {unknown}
 k - a potion of degeneration {unknown}


   Skills:
 - Level 1.1 Short Blades
 - Level 2.1 Dodging
 - Level 8.3 Stealth
 + Level 0.3 Shields
 - Level 2.0 Spellcasting
 - Level 4.4 Hexes


You had one spell level left.
You knew the following spells:

 Your Spells              Type           Power        Failure   Level  Hunger
a - Corona                Hex            ###....      4%          1    #......
b - Ensorcelled Hibernat  Hex/Ice        #.....       19%         2    ###....
c - Confuse               Hex            ###.....     14%         3    ###....


Dungeon Overview and Level Annotations

Branches:
Dungeon (3/15)

Altars:
Cheibriados

Annotations:
D:3 2 transporters, bmj180's ghost, amateur GrFi


Innate Abilities, Weirdness & Mutations

Your natural rate of healing is unusually fast.
You have razor-sharp teeth.
You have supernaturally acute eyesight. (SInv)
You can survive without breathing.


Message History

You puncture bmj180's ghost!
Bmj180's ghost is heavily damaged.
You hit bmj180's ghost but do no damage.
Bmj180's ghost is heavily damaged.
You catch the helpless bmj180's ghost completely off-guard!
You puncture bmj180's ghost!
Bmj180's ghost is almost destroyed.
Bmj180's ghost closely misses you.
You hit bmj180's ghost but do no damage.
Bmj180's ghost is almost destroyed.
You hit bmj180's ghost but do no damage.
Bmj180's ghost is almost destroyed.
Bmj180's ghost seems less confused.
Bmj180's ghost hits you.
You barely miss bmj180's ghost.
Bmj180's ghost is almost destroyed.
Bmj180's ghost hits you!
* * * LOW HITPOINT WARNING * * *
You block bmj180's ghost's attack. Bmj180's ghost hits you!
You die...

###### #..@.#
###W.# #<#..#
#.#..# #.#..#
######+#....##
.............#
.............#
#.............#


You could see bmj180's ghost.

Vanquished Creatures
  An orc wizard (D:3)
  5 worms
  3 dart slugs
  2 leopard geckos
  An orc (D:3)
  7 bats
  5 giant cockroaches
  2 goblins (D:2)
  8 hobgoblins
  6 jackals (D:2)
  9 kobolds
  3 frilled lizards
  6 rats
58 creatures vanquished.

Notes
Turn   | Place    | Note
-------+----------+-------------------------------------------
     0 | D:1      | dohliylev the Vampire Enchanter began the quest for the Orb.
     0 | D:1      | Reached XP level 1. HP: 13/13 MP: 3/3
   142 | D:1      | Reached skill level 5 in Stealth
   322 | D:1      | Reached XP level 2. HP: 14/19 MP: 3/5
   421 | D:2      | Learned a level 2 spell: Ensorcelled Hibernation
   425 | D:2      | Reached skill level 6 in Stealth
  1033 | D:1      | Reached XP level 3. HP: 24/24 MP: 3/6
  1038 | D:1      | Learned a level 3 spell: Confuse
  1182 | D:2      | Reached skill level 7 in Stealth
  1371 | D:2      | Found a snail-covered altar of Cheibriados.
  1420 | D:2      | Reached XP level 4. HP: 30/30 MP: 2/7
  1647 | D:3      | Reached skill level 8 in Stealth
  1843 | D:3      | Found a transporter.
  1897 | D:3      | Found a transporter.
  1933 | D:3      | Noticed bmj180's ghost (amateur GrFi)
  2089 | D:3      | Slain by bmj180's ghost

Skill      XL: |  1  2  3  4 |
---------------+-------------+-----
Stealth        | 5 6 7 8 |  8.3
Short Blades   | |  1.1
Dodging        | |  2.1
Shields        | |  0.3
Spellcasting   | |  2.0
Hexes          | |  4.4

Action                   |  1- 3 |  4- 6 || total
-------------------------+-------+-------++-------
Melee: Dagger            |   118 |    29 ||   147
       Bite              |     8 |     2 ||    10
 Cast: Corona            |    12 |       ||    12
       Ensorcelled Hiber |    19 |    11 ||    30
       Confuse           |       |     4 ||     4
 Stab: Sleeping          |    27 |     8 ||    35
       Distracted        |     1 |     1 ||     2
       Confused          |       |     3 ||     3
  Eat: Corpse            |    13 |     3 ||    16
Armor: Robe              |    50 |       ||    50
Dodge: Dodged            |   109 |    10 ||   119
Block: Buckler           |       |     2 ||     2
